 Dungeon Crawl Stone Soup version 0.24.0-13-gcf9b319 (webtiles) character file.

Game seed: 11520835231786330903, levelgen mode: deterministic

217 Fortress the Conjurer (level 5, -1/38 HPs)
             Began as a Draconian Conjurer on Jan 16, 2020.
             Slain by a hippogriff (3 damage)
             ... on level 4 of the Dungeon on Jan 17, 2020.
             The game lasted 00:08:27 (2341 turns).

Fortress the Conjurer (Draconian Conjurer)          Turns: 2341, Time: 00:08:30

Health: -1/38      AC:  5    Str: 10    XL:     5   Next: 62%
Magic:  9/10       EV: 12    Int: 16    God:
Gold:   221        SH:  0    Dex: 12    Spells: 9/10 levels left

rFire    . . .     SeeInvis .   e - +2 short sword (venom)
rCold    . . .     Gourm    .   (no shield)
rNeg     . . .     Faith    .   (armour unavailable)
rPois    .         Spirit   .   (helmet restricted)
rElec    .         Reflect  .   (no cloak)
rCorr    .         Harm     .   (no gloves)
MR       +....                  (no boots)
Stlth    ++........             (no amulet)
HPRegen  0.12/turn              k - ring of protection from magic
MPRegen  0.12/turn              (no ring)

@: invisible
A: unfitting armour, cold-blooded, AC +5
a: no special abilities


You were on level 4 of the Dungeon.
You were very hungry.

You visited 1 branch of the dungeon, and saw 4 of its levels.

You collected 221 gold pieces.

Inventory:

Hand Weapons
 e - a +2 short sword of venom (weapon)
 m - a +2 short sword of holy wrath
Missiles
 d - 8 atropa-tipped darts (quivered)
 f - 13 poisoned darts
Jewellery
 k - a ring of protection from magic (left hand)
Scrolls
 a - 7 scrolls of identify {unknown}
 c - 2 scrolls of blinking {unknown}
 h - a scroll of amnesia {unknown}
 l - a scroll of remove curse {unknown}
 n - a scroll of enchant weapon {unknown}
 o - a scroll of fear {unknown}
Potions
 g - a potion of curing {unknown}
 i - a potion of heal wounds {unknown}
 j - a potion of flight {unknown}
 p - a potion of invisibility
Comestibles
 b - 10 rations


   Skills:
 - Level 2.0 Dodging
 - Level 2.0 Stealth
 + Level 3.4 Spellcasting
 + Level 6.0 Conjurations


You had 9 spell levels left.
You knew the following spells:

 Your Spells              Type           Power        Failure   Level  Hunger
a - Magic Dart            Conj           ###.         1%          1    None

Your spell library contained the following spells:

 Spells                   Type           Power        Failure   Level  Hunger
 Searing Ray              Conj           ###...       2%          2    ##.....
 Dazzling Spray           Conj/Hex       ##....       16%         3    ###....
 Iskenderun's Mystic Bla  Conj           ###.....     16%         4    ####...
 Force Lance              Conj/Tloc      ##......     45%         4    ####...
 Fulminant Prism          Conj/Hex       ##........   45%         4    ####...


Dungeon Overview and Level Annotations

Branches:
Dungeon (4/15)
 Temple: D:4-7

Altars:
Elyvilon
Fedhas
Kikubaaqudgha
Okawaru
Uskayaw
Vehumet
Xom
The Shining One

Shops:
D:4 *


Innate Abilities, Weirdness & Mutations

Your plain brown scales are hard. (AC +5)
You cannot fit into any form of body armour.
You are cold-blooded and may be slowed by cold attacks.


Message History

The howler monkey looks as sick as possible!
The howler monkey is moderately wounded.
The howler monkey hits you!
You are too injured to fight recklessly!
Memorise Searing Ray, consuming 2 spell levels and leaving 7?
The howler monkey misses you.
You start memorising the spell.
You continue memorising.
The hippogriff bites you but does no damage.
Your memorisation is interrupted.
The hippogriff pecks you.
* * * LOW HITPOINT WARNING * * *
The hippogriff claws you.
* * * LOW HITPOINT WARNING * * *
The howler monkey closely misses you.
It was a potion of invisibility.
You fade into invisibility!
The howler monkey hits you but does no damage.
The hippogriff bites you!
* * * LOW HITPOINT WARNING * * *
The hippogriff pecks you.
You die...

#...... # #.##.#
#. #.#..## ## #.
###..#..##.# ##
#.#.#.#.#.#.#...#
#.<.#..........#
#.#.#.###.###...
#. ###...#.### #.
##..._h@# #.
#.##.#H# #
#.##>#h†..$...
##.......#..
###.##..# #..
∩... #.. .... ...
... .... ...


You could see a hippogriff and 2 howler monkeys.

Vanquished Creatures
  A scorpion (D:4)
  A hound (D:2)
  An iguana (D:4)
  3 adders (D:2)
  An ooze (D:1)
  A worm (D:3)
  4 dart slugs
  3 leopard geckos
  2 orcs (D:3)
  7 bats
  A bat zombie (D:2)
  3 giant cockroaches
  6 goblins
  7 hobgoblins
  10 kobolds
  A ball python (D:1)
  4 frilled lizards
  11 rats
  2 rat zombies (D:2)
69 creatures vanquished.

Notes
Turn   | Place    | Note
-------+----------+-------------------------------------------
     0 | D:1      | Fortress the Draconian Conjurer began the quest for the
                  | Orb.
     0 | D:1      | Reached XP level 1. HP: 14/14 MP: 3/3
   150 | D:1      | Reached XP level 2. HP: 18/20 MP: 0/5
   697 | D:1      | Reached XP level 3. HP: 26/26 MP: 0/6
   846 | D:2      | Found a glowing golden altar of the Shining One.
   846 | D:2      | Found a white marble altar of Elyvilon.
   846 | D:2      | Found an iron altar of Okawaru.
   846 | D:2      | Found a radiant altar of Vehumet.
  1045 | D:2      | Found a hide-covered altar of Uskayaw.
  1049 | D:2      | Reached skill level 5 in Conjurations
  1169 | D:2      | Found an ancient bone altar of Kikubaaqudgha.
  1341 | D:2      | Reached XP level 4. HP: 29/33 MP: 7/7
  1357 | D:2      | Found a blossoming altar of Fedhas.
  1802 | D:3      | Reached XP level 5. HP: 21/38 MP: 9/9
  2314 | D:4      | Found a shimmering altar of Xom.
  2320 | D:4      | Found Ohikh's General Store.
  2332 | D:4      | Noticed a hippogriff
  2334 | D:4      | Reached skill level 6 in Conjurations
  2341 | D:4      | Slain by a hippogriff

Levels and vault maps discovered:
D:1:      nzn_arrival_depleted_hourglass, layout_rooms
D:2:      layout_loops_ring, eat_drink_and_be_merry_uskayaw, marbit_many_paths,
          lemuel_zombie_altar_kikubaaqudgha,
          chequers_temple_overflow_statue_of_worship, first_ration
D:3:      layout_basic
D:4:      layout_loops_ring, lemuel_crystal_altar, serial_shops, shop

Skill      XL: |  1  2  3  4  5 |
---------------+----------------+-----
Stealth        | 2 |  2.0
Conjurations   | 5 6 |  6.0
Dodging        | 2 |  2.0
Spellcasting   | 3 |  3.4

Action                   |  1- 3 |  4- 6 || total
-------------------------+-------+-------++-------
Melee: Unarmed           |     8 |       ||     8
       Tailslap          |     5 |     3 ||     8
       Short sword       |    61 |    63 ||   124
 Cast: Magic Dart        |    48 |       ||    48
  Use: Potion            |       |     1 ||     1
 Stab: Sleeping          |     2 |     5 ||     7
  Eat: Chunk             |     2 |     2 ||     4
Armor: Skin              |    24 |    14 ||    38
Dodge: Dodged            |    57 |    44 ||   101
